 Dungeon Crawl Stone Soup version 0.30-a0-591-g3c58d2bc28 (webtiles) character file.

Game seed: 1357212505881146417

1526 mandoloar the Shield-Bearer (level 8, -2/70 HPs)
             Began as a Minotaur Fighter on Jan 6, 2023.
             Was an Initiate of Okawaru.
             Killed by divine providence
             ... invoked by an orc priest
              (14 damage)
             ... on level 6 of the Dungeon.
             The game lasted 00:16:39 (5773 turns).

mandoloar the Shield-Bearer (Minotaur Fighter)      Turns: 5773, Time: 00:16:40

Health: -2/70      AC: 18    Str: 23    XL:     8   Next: 54%
Magic:  1/7        EV:  9    Int:  5    God:    Okawaru [......]
Gold:   307        SH:  6    Dex: 10    Spells: 7/7 levels left

rFire   . . .      SeeInvis .    a - +1 war axe (chaos)
rCold   . . .      Faith    .    c - +0 buckler
rNeg    . . .      Spirit   .    v - +0 plate armour
rPois   .          Reflect  .    (helmet restricted)
rElec   .          Harm     .    (no cloak)
rCorr   .          Rampage  .    D - +0 pair of gloves
Will    .....                    r - +0 pair of boots Stlth
                                 f - amulet of magic regeneration
HPRegen 0.31/turn                (no ring)
MPRegen 0.50/turn                (no ring)

@: heroic
A: horns 2, retaliatory headbutt
a: Renounce Religion


You were on level 6 of the Dungeon.
You worshipped Okawaru.
Okawaru was noncommittal.
You visited 2 branches of the dungeon, and saw 7 of its levels.

You collected 307 gold pieces.

Inventory:

Hand Weapons
 a - a +1 war axe of chaos (weapon)
Missiles
 j - 18 stones (quivered)
 y - 3 boomerangs
Armour
 c - a +0 buckler (worn)
 r - a +0 pair of boots (worn)
 v - a +0 plate armour (worn)
 D - a +0 pair of gloves (worn)
Jewellery
 f - an amulet of magic regeneration (around neck)
Wands
 b - a wand of polymorph (10)
 u - a wand of acid (10)
Scrolls
 k - 2 scrolls of amnesia
 l - 2 scrolls of fog
 m - a scroll of identify
 s - 3 scrolls of teleportation
 t - 3 scrolls of magic mapping
 w - a scroll of blinking
 B - a scroll of enchant weapon
Potions
 d - a potion of might
 e - a potion of mutation
 g - a potion of degeneration {unknown}
 h - 2 potions of attraction
 i - a potion of flight {unknown}
 o - a potion of heal wounds {unknown}
 p - a potion of berserk rage {unknown}
 q - a potion of lignification {unknown}
 x - a potion of magic {unknown}
 C - a potion of haste {unknown}


   Skills:
 + Level 6.2(11.2) Fighting
 + Level 5.8(10.8) Axes
 + Level 6.3(11.3) Armour
 + Level 4.4(9.4) Dodging
 + Level 3.8(8.8) Stealth
 + Level 6.4(11.4) Shields


You had 7 spell levels left.
You didn't know any spells.
Your spell library contained the following spells:

 Spells                   Type           Power      Damage    Failure   Level
 Beastly Appendage        Tmut           0%         N/A       100%        1
 Blink                    Tloc           0%         N/A       100%        2
 Momentum Strike          Conj/Tloc      0%         3d8       100%        2
 Wereblood                Tmut           0%         N/A       100%        2
 Dazzling Flash           Conj/Hex       0%         N/A       100%        3
 Ignite Poison            Fire/Tmut/Pois 0%         N/A       100%        3
 Kindle Blastsparks       Fire/Tloc/Air  0%         2d10      100%        3
 Lesser Beckoning         Tloc           0%         N/A       100%        3
 Spider Form              Tmut/Pois      0%         N/A       100%        3
 Vhi's Electric Charge    Tloc/Air       0%         N/A       100%        3
 Iskenderun's Mystic Bla  Conj/Tloc      0%         2d3       100%        4
 Arcjolt                  Conj/Air       0%         1d10      100%        5
 Freezing Cloud           Conj/Ice/Air   0%         6-21      100%        5
 Silence                  Hex/Air        0%         N/A       100%        5
 Starburst                Conj/Fire      0%         6d3       100%        6
 Maxwell's Capacitive Co  Air            0%         ∞         100%        8
 Call Imp                 Summ           Unusable   N/A       N/A         2
 Dragon's Call            Summ           Unusable   N/A       N/A         9

Dungeon Overview and Level Annotations

Branches:
Dungeon (6/15)             Temple (1/1) D:4

Altars:
Cheibriados
Dithmenos
Elyvilon
Fedhas
Gozag
Nemelex Xobeh
Okawaru
Ru
Sif Muna
Trog
Uskayaw
Vehumet
Wu Jian
Xom
Yredelemnul
Zin

Shops:
D:4 (=


Innate Abilities, Weirdness & Mutations

You have a pair of horns on your head.
You reflexively headbutt those who attack you in melee.


Message History

You hear a shout!
You slash something! You burn something. Your headbutt misses something.
You closely miss the orc priest. Something hits you but does no damage.
The orc priest hits you but does no damage.
The orc priest calls down the wrath of Beogh upon you.
Pain shoots through your body!
* * * LOW HITPOINT WARNING * * *
The orc priest looks braver for a moment.
Something hits you but does no damage.
An orc warrior comes into view. It is wielding a +0 battleaxe.
You closely miss something. You hit the orc priest. You freeze the orc priest.
You block something's attack.
The orc priest hits you but does no damage.
You slash something! Okawaru accepts your kill.
Reactivating autopickup.
You feel a bit more experienced.
You hit the orc priest.
The orc priest invokes the aid of Beogh against you.
Beogh smites you!
* * * LOW HITPOINT WARNING * * *
The orc priest hits you but does no damage.
Things that are here:
a +0 dagger; a +0 robe You gain the combat prowess of a mighty hero.
You feel more confident with your borrowed prowess.
The orc priest hits you but does no damage. x2
The orc priest attacks as you move away!
You block the orc priest's attack.
An orc comes into view. It is wielding a +1 trident of venom.
You feel more confident with your borrowed prowess.
The orc shouts!
The orc warrior unwields a +0 battleaxe.
The orc warrior wields a +0 arbalest.
The orc warrior shoots a bolt.
The bolt hits you.
* * * LOW HITPOINT WARNING * * *
You feel more confident with your borrowed prowess.
You can no longer gain great but temporary skills.
The orc priest invokes the aid of Beogh against you.
Beogh smites you!
You die...

#... .## #..#...
##..#.# ..oo.###.
#o....>.. #o### ##
#.o.# ######.#
####o###.....#
#..o@........##
##.##.##......>#
#.....##......########
#..#####......#.).....
#.........#########...
#.##.####.# #....
#.##.####.# #....
#.......#.# #....
####.#....########....


You could see an orc warrior, 3 orc priests and an orc.

Vanquished Creatures
  A water moccasin (D:5)
  Pargi (D:3)
  2 black bears (D:5)
  A sky beast (D:6)
  A phantom (D:2)
  A bullfrog (D:5)
  2 scorpions
  A howler monkey (D:5)
  A gnoll bouda (D:6)
  2 hounds
  3 jellies
  An orc priest (D:3)
  Terence (D:3)
  Natasha (thrice) (D:4)
  An iguana (D:5)
  4 orc wizards
  Robin (D:2)
  6 gnolls
  11 adders
  A shadow imp (D:3)
  2 white imps (D:5)
  2 ufetubi
  2 worms (D:2)
  4 dart slugs
  13 orcs
  5 ball pythons
  9 bats
  8 endoplasms
  3 giant cockroaches
  11 goblins
  12 hobgoblins
  2 quokkas (D:4)
  6 frilled lizards
  4 kobolds
  7 rats
135 creatures vanquished.

Notes
Turn   | Place    | Note
-------+----------+-------------------------------------------
     0 | D:1      | mandoloar the Minotaur Fighter began the quest for the Orb.
     0 | D:1      | Reached XP level 1. HP: 19/19 MP: 0/0
   178 | D:1      | Reached XP level 2. HP: 27/27 MP: 1/1
   860 | D:2      | Found a sparkling altar of Nemelex Xobeh.
   878 | D:2      | Noticed a phantom
   912 | D:2      | Killed a phantom
   913 | D:2      | Reached skill level 1 in Dodging
   913 | D:2      | Reached skill level 1 in Stealth
   913 | D:2      | Reached XP level 3. HP: 23/33 MP: 2/2
   913 | D:2      | Reached XP level 4. HP: 28/40 MP: 3/3
  1082 | D:2      | Noticed Robin
  1110 | D:2      | Killed Robin
  1303 | D:2      | Reached XP level 5. HP: 46/46 MP: 4/4
  1402 | D:2      | Got the Quarto of the Flock and Imprecation
  1669 | D:3      | Noticed Pargi
  1684 | D:3      | Killed Pargi
  1685 | D:3      | Reached XP level 6. HP: 47/53 MP: 5/5
  1750 | D:3      | Found a glowing drain.
  1784 | D:3      | Noticed Terence
  1811 | D:3      | Killed Terence
  2317 | D:3      | Identified the +1 robe of Unreason {rC+ Str+4}
  2423 | D:3      | Reached skill level 5 in Shields
  2760 | D:4      | Found a staircase to the Ecumenical Temple.
  2777 | Temple   | Entered the Ecumenical Temple
  2854 | Temple   | Became a worshipper of Warmaster Okawaru
  3026 | D:4      | Noticed Natasha
  3042 | D:4      | Killed Natasha
  3065 | D:4      | Reached skill level 5 in Fighting
  3069 | D:4      | Reached skill level 5 in Armour
  3069 | D:4      | Reached XP level 7. HP: 57/61 MP: 6/6
  3249 | D:4      | Noticed Natasha
  3256 | D:4      | Killed Natasha
  3410 | D:4      | Found Faemme Zuat's Antique Weapon Shop.
  3410 | D:4      | Noticed Natasha
  3416 | D:4      | Killed Natasha
  3804 | D:4      | Found Uhupruz's Jewellery Shoppe.
  3887 | D:4      | Found a sacrificial altar of Ru.
  4077 | D:5      | Entered Level 5 of the Dungeon
  4091 | D:5      | Reached skill level 5 in Axes
  4243 | D:5      | Reached * piety under Okawaru
  4244 | D:5      | Reached XP level 8. HP: 47/70 MP: 7/7
  5569 | D:6      | Identified the +6 spear of the Bedazzling Sybil {heavy, rC+
                  | rN+ Will+ Int+3}
  5773 | D:6      | Killed from afar by an orc priest

Illustrated notes

Levels and vault maps discovered:
D:1:      giann_forest_graveyard, layout_basic
D:2:      layout_basic, basic_altar, minmay_quadrilaterals, uniq_robin
D:3:      layout_loops_cross, gup_sewer_entry_glass, uniq_pargi, uniq_terence
D:4:      layout_loops_ring, general_overflow_altar,
          minmay_temple_entry_statues_pillars, serial_shops, shop,
          nicolae_shop_stone, grunt_ministairs_3, minmay_misc_feat_more_columns,
          uniq_natasha
D:5:      layout_basic, roderic_cross_of_infinity
D:6:      layout_loops_cross, minitemple, mainiacjoe_overflow_six_doors_small,
          ebering_ghost_rock_garden
Temple:   eino_temple_water

Skill      XL: |  1  2  3  4  5  6  7  8 |
---------------+-------------------------+-----
Fighting       | 4 5 6 |  6.2
Axes           | 3 4 5 |  5.8
Armour         | 4 5 6 |  6.3
Dodging        | 1 2 3 4 |  4.4
Stealth        | 1 2 3 |  3.8
Shields        | 4 5 6 |  6.4

Action                   |  1- 3 |  4- 6 |  7- 9 || total
-------------------------+-------+-------+-------++-------
Melee: War axe           |    42 |   143 |   136 ||   321
       Headbutt          |     6 |    20 |    21 ||    47
       Unarmed           |       |     5 |     2 ||     7
Throw: Stone             |       |     8 |    14 ||    22
Invok: Heroism           |       |       |     4 ||     4
  Use: Scroll            |     1 |     7 |     7 ||    15
Armor: Scale mail        |    17 |    82 |     5 ||   104
       Skin              |       |     1 |       ||     1
       Plate armour      |       |       |    95 ||    95
Dodge: Dodged            |    13 |   105 |    48 ||   166
Block: Buckler           |    11 |    42 |    42 ||    95

Table legend: (Time is in decaauts)
 A = Elapsed time spent in this place.
 B = Non-inter-level travel time spent in this place.
 C = Inter-level travel time spent in this place.
 D = Time resting spent in this place.
 E = Time spent auto-exploring this place.
 F = Levels seen in this place.
 G = Mean time per level.
                   A        B        C        D        E       F      G
               +--------+--------+--------+--------+--------+-----+--------+
         Total |   5887 |   5715 |    172 |   1540 |   3050 |   7 |  841.0 |
       Dungeon |   5692 |   5532 |    160 |   1540 |   2898 |   6 |  948.7 |
        Temple |    195 |    183 |     12 |      0 |    152 |   1 |  195.0 |
               +--------+--------+--------+--------+--------+-----+--------+

Top non-repeatable levels by time:
     D:5: 1373 daAuts
     D:4: 1200 daAuts
     D:3: 1061 daAuts
     D:2: 989 daAuts
     D:1: 720 daAuts
     D:6: 346 daAuts
  Temple: 195 daAuts
